 Dungeon Crawl Stone Soup version 0.29.1-15-g9cfb28693d (webtiles) character file.

Game seed: 9668264647112834308

391 Gabide the Cutter (level 7, -4/44 HPs)
             Began as a Kobold Monk on Mar 1, 2023.
             Slain by a phantom (6 damage)
             ... on level 5 of the Dungeon on Mar 2, 2023.
             The game lasted 00:06:36 (4018 turns).

Gabide the Cutter (Kobold Monk)                     Turns: 4018, Time: 00:06:36

Health: -4/44      AC:  4    Str:  8    XL:     7   Next: 8%
Magic:  7/7        EV: 17    Int: 12    God:
Gold:   219        SH:  5    Dex: 19    Spells: 6/6 levels left

rFire   . . .      SeeInvis .   a - +0 short sword
rCold   . . .      Faith    .   (no shield)
rNeg    . . .      Spirit   .   n - +0 robe
rPois   .          Reflect  +   o - +0 helmet
rElec   .          Harm     .   (no cloak)
rCorr   .          Rampage  .   g - +0 pair of gloves
Will    .....                   (no boots)
Stlth   ++++......              l - amulet of reflection
HPRegen 0.14/turn               (no ring)
MPRegen 0.10/turn               (no ring)

@: hasted, very quick
A: small, no large weapons, nightstalker 3
a: no special abilities


You were on level 5 of the Dungeon.
You visited 1 branch of the dungeon, and saw 5 of its levels.

You collected 219 gold pieces.

Inventory:

Hand Weapons
 a - a +0 short sword (weapon)
 b - a +0 sling
Missiles
 h - an atropa-tipped dart (quivered)
Armour
 g - a +0 pair of gloves (worn)
 n - a +0 robe (worn)
 o - a +0 helmet (worn)
Jewellery
 l - an amulet of reflection (around neck)
 p - an amulet of guardian spirit
Scrolls
 d - a scroll of immolation
 e - a scroll of vulnerability
 f - 3 scrolls of teleportation
Potions
 c - 2 potions of haste
 q - a potion of brilliance
 s - a potion of lignification {unknown}


   Skills:
 + Level 4.9 Fighting
 + Level 6.0 Short Blades
 + Level 5.4 Dodging
 + Level 5.4 Stealth


You had 6 spell levels left.
You didn't know any spells.
Your spell library contained the following spells:

 Spells                   Type           Power      Damage    Failure   Level
 Dazzling Flash           Conj/Hex       0%         N/A       69%         3
 Agony                    Necr           0%         N/A       100%        5
 Silence                  Hex/Air        0%         N/A       100%        5


Dungeon Overview and Level Annotations

Branches:
Dungeon (5/15)
 Temple: D:4-7

Altars:
Cheibriados
Fedhas
Okawaru
Trog
Vehumet


Innate Abilities, Weirdness & Mutations

You are small and have problems with some larger weapons.
You are completely attuned to the shadows.


Message History

* * * LOW HITPOINT WARNING * * *
The phantom misses you.
You hit the orc but do no damage. You hit the orc.
The orc is lightly wounded.
You block the orc's attack. x2; The phantom completely misses you.
You hit the phantom but do no damage.
The phantom is almost destroyed.
The orc throws a curare-tipped dart.
The curare-tipped dart completely misses you.
The phantom closely misses you. The orc closely misses you.
You hit the phantom but do no damage.
The phantom is almost destroyed.
You barely miss the phantom. You punch the phantom.
The phantom is almost destroyed.
The orc is no longer blind.
The orc barely misses you. The phantom closely misses you.
You closely miss the phantom.
The phantom is almost destroyed.
You completely miss the phantom.
The phantom is almost destroyed.
The orc barely misses you. The phantom hits you.
* * * LOW HITPOINT WARNING * * *
The phantom blinks!
You blink.
You barely miss the phantom.
The phantom is almost destroyed.
You hit the phantom.
The phantom is almost destroyed.
The orc misses you. The phantom completely misses you.
You hit the phantom but do no damage.
The phantom is almost destroyed.
You miss the phantom.
The phantom is almost destroyed.
The orc hits you with a +0 club.
* * * LOW HITPOINT WARNING * * *
The orc misses you. The phantom misses you.
The orc throws a curare-tipped dart.
The curare-tipped dart barely misses you.
The phantom hits you.
You die...

.#.##...#####
#x©#.........##
.#.#..........##
#.##...(().....#
..###............#
.............o...#
............oo...#
..######.....W....#
....#####.....@..##
..................#
..................#
..................#
.....###..........#
.###..............#
##..##...##...##
#..#.....#...#
#....._.......


You could see a phantom and 3 orcs.

Vanquished Creatures
  6 hounds
  2 orc priests
  A statue (D:4)
  A gnoll (D:1)
  4 adders
  A worm (D:2)
  3 dart slugs
  3 orcs (D:4)
  2 endoplasms
  3 giant cockroaches
  7 goblins
  6 hobgoblins
  3 jackals (D:4)
  2 kobolds
  2 quokkas
  8 ball pythons
  2 bats (D:1)
  4 frilled lizards
  8 rats
68 creatures vanquished.

Vanquished Creatures (collateral kills)
  An adder (D:3)
1 creature vanquished.

Vanquished Creatures (others)
  2 plants (D:1)
2 creatures vanquished.

Grand Total: 71 creatures vanquished

Notes
Turn   | Place    | Note
-------+----------+-------------------------------------------
     0 | D:1      | Gabide the Kobold Monk began the quest for the Orb.
     0 | D:1      | Reached XP level 1. HP: 14/14 MP: 1/1
   438 | D:1      | Reached XP level 2. HP: 19/19 MP: 2/2
   883 | D:1      | Found a faded altar of an unknown god.
  1205 | D:2      | Reached XP level 3. HP: 23/23 MP: 3/3
  1228 | D:1      | HP: 1/23 [gnoll/+0 flail (12)]
  1317 | D:2      | Found a bloodstained altar of Trog.
  2090 | D:2      | Reached XP level 4. HP: 29/29 MP: 4/4
  2251 | D:2      | You fall into a shaft and drop 2 floors!
  2292 | D:4      | Found a snail-covered altar of Cheibriados.
  2375 | D:3      | Reached XP level 5. HP: 29/33 MP: 5/5
  2446 | D:3      | Reached skill level 5 in Short Blades
  3038 | D:4      | Reached XP level 6. HP: 26/39 MP: 6/6
  3136 | D:4      | Found a radiant altar of Vehumet.
  3411 | D:4      | Reached skill level 5 in Dodging
  3647 | D:4      | Reached skill level 5 in Stealth
  3779 | D:5      | Entered Level 5 of the Dungeon
  3867 | D:5      | Found a blossoming altar of Fedhas.
  3916 | D:5      | Found an iron altar of Okawaru.
  3998 | D:5      | Reached skill level 6 in Short Blades
  3998 | D:5      | Reached XP level 7. HP: 18/44 MP: 7/7
  4015 | D:5      | HP: 2/44 [orc/+0 club (3)]
  4018 | D:5      | Slain by a phantom

Illustrated notes

Levels and vault maps discovered:
D:1:      tarquinn_simple_flora_water_b, layout_loops_ring,
          chequers_ecumenical_altar_simple_redux, columned_hall_lemuel
D:2:      layout_basic, basic_altar, minmay_misc_feat_ornament, hex_tiny
D:3:      layout_basic
D:4:      layout_basic, vehumet_statue, mainiacjoe_overflow_paths
D:5:      layout_rooms, okawaru_gym_becter, kennysheep_mini_moat,
          gammafunk_ghost_abyssal_escape

Skill      XL: |  1  2  3  4  5  6 |
---------------+-------------------+-----
Stealth        | 3 4 5 |  5.4
Dodging        | 4 5 |  5.4
Fighting       | 4 |  4.9
Short Blades   | 5 6 |  6.0

Action                   |  1- 3 |  4- 6 |  7- 9 || total
-------------------------+-------+-------+-------++-------
Melee: Short sword       |    78 |   196 |    15 ||   289
       Punch             |     1 |     1 |     1 ||     3
 Fire: Sling             |       |    32 |       ||    32
Throw: Dart              |       |     1 |     1 ||     2
  Use: Scroll            |     3 |     6 |       ||     9
       Potion            |     1 |     3 |     1 ||     5
 Stab: Sleeping          |    14 |    11 |       ||    25
       Distracted        |     1 |       |       ||     1
       Invisible         |       |     1 |       ||     1
Armor: Robe              |     6 |    22 |     3 ||    31
Dodge: Dodged            |    69 |   134 |    18 ||   221
Block: Other             |       |    30 |     4 ||    34
       Reflection        |       |     1 |       ||     1
